 Dungeon Crawl Stone Soup version 0.27.1-33-g824d729ab1 (webtiles) character file.

Game seed: 10998261146224815781

183 demibob the Chopper (level 5, 0/45 HPs)
             Began as a Minotaur Chaos Knight on Dec 8, 2021.
             Was a Plaything of Xom.
             Slain by an adder (3 damage)
             ... on level 4 of the Dungeon.
             The game lasted 00:03:06 (2567 turns).

demibob the Chopper (Minotaur Chaos Knight)         Turns: 2567, Time: 00:03:07

Health: 0/45       AC:  5    Str: 20 (21) XL:     5   Next: 35%
Magic:  4/4        EV: 11    Int:  8 (9)  God:    Xom [*.....]
Gold:   103        SH:  4    Dex:  8      Spells: 4/4 levels left

rFire    . . .     SeeInvis .   a - +0 hand axe (chaos)
rCold    . . .     Faith    .   (no shield)
rNeg     . . .     Spirit   .   b - +2 leather armour
rPois    +         Reflect  .   (helmet restricted)
rElec    .         Harm     .   (no cloak)
rCorr    .         Rampage  .   (no gloves)
Will     .....                  (no boots)
Stlth    +.........             (no amulet)
HPRegen  0.15/turn              S - +6 ring of strength
MPRegen  0.09/turn              P - ring of poison resistance

@: lethally poisoned (0 -> -2)
A: horns 2, retaliatory headbutt, large bone plates 1, clumsy 1, deterioration
2, weak 1
a: Renounce Religion


You were on level 4 of the Dungeon.
You worshipped Xom.
You were a special plaything of Xom.
You visited 1 branch of the dungeon, and saw 4 of its levels.
You also visited: Sewer.

You collected 103 gold pieces.


Innate Abilities, Weirdness & Mutations

You have a pair of horns on your head.
You reflexively headbutt those who attack you in melee.
You are partially covered in large bone plates. (SH +4)
You are clumsy. (Dex -2)
Your body often deteriorates upon taking damage.
You are weak. (Str -2)


   Skills:
 - Level 3.6 Fighting
 + Level 7.4 Axes
 - Level 2.4 Armour
 - Level 1.1 Dodging


You had 4 spell levels left.
You didn't know any spells.
Your spell library contained the following spells:

 Spells                   Type           Power      Damage    Failure   Level
 Animate Skeleton         Necr           0%         N/A       45%         1
 Pain                     Necr           0%         1d4       45%         1
 Slow                     Hex            0%         N/A       58%         2
 Confusing Touch          Hex            0%         N/A       83%         3
 Gell's Gravitas          Tloc           0%         N/A       83%         3
 Teleport Other           Tloc           0%         N/A       83%         3
 Vampiric Draining        Necr           0%         2d6       83%         3
 Dispersal                Tloc           0%         N/A       100%        6

Inventory:

Hand Weapons
 a - a +0 hand axe of chaos (weapon)
Missiles
 f - a curare-tipped dart (quivered) {=f}
Armour
 b - a +2 leather armour (worn)
Jewellery
 P - a ring of poison resistance (right hand)
 S - a +6 ring of strength (left hand)
Scrolls
 d - a scroll of immolation

Dungeon Overview and Level Annotations

Branches:
Dungeon (4/15)              Sewer (visited)
 Temple: D:4-7

Altars:
Fedhas

Annotations:
D:2 Robin

...# #..#
#..# #..#
##..#
..####...#
#.h....{o#
#..)@#
+.......#
###....##
#.#.##
#.## #


You could see a hound and an orc priest.


Message History

You completely miss something. Something bites you.
You are poisoned.
Something poisons you! Something bites you.
You barely miss something.
You feel sick. You block something's attack.
Unknown command.
You barely miss something.
You feel sick. Something bites you but does no damage.
Unknown command.
It was a potion of cancellation.
You feel magically purged.
You feel sick. The orc priest closely misses you. You furiously retaliate!
You headbutt the orc priest, but do no damage.
You block something's attack.
A hound comes into view.
The hound barks!
You hit the orc priest. Your headbutt misses the orc priest.
The orc priest is moderately wounded.
You barely miss something.
You feel sick. Something bites you.
* * * LOW HITPOINT WARNING * * *
The orc priest barely misses you. Something bites you.
* * * LOW HITPOINT WARNING * * *
You hit the orc priest. Your headbutt misses the orc priest.
The orc priest is heavily wounded.
You completely miss something.
You feel sick.
The orc priest mumbles some strange prayers to Beogh against you.
Beogh smites you!
* * * LOW HITPOINT WARNING * * *
Your body deteriorates!
You feel weakened. Something bites you.
You die...
Xom guffaws!

Skill      XL: |  1  2  3  4 |
---------------+-------------+-----
Axes           | 4 5 6 7 |  7.4
Fighting       | |  3.6
Armour         | |  2.4
Dodging        | |  1.1

Action                   |  1- 3 |  4- 6 || total
-------------------------+-------+-------++-------
Melee: Hand axe          |    52 |    88 ||   140
       Headbutt          |     4 |     9 ||    13
  Use: Scroll            |       |     3 ||     3
       Potion            |       |     1 ||     1
Armor: Leather armour    |    17 |    27 ||    44
Dodge: Dodged            |    37 |    42 ||    79
Block: Other             |       |     3 ||     3

Levels and vault maps discovered:
D:1:      lightli_molten_gateway, layout_basic, serial_bayou_pond_d
D:2:      layout_rooms, hellmonk_ecumenical_altar_blasted, basic_altar,
          serial_glass, glass_columns_b, glass_columns_a, glass_columns_b,
          glass_columns_a, uniq_robin, uniq_jessica
D:3:      layout_loops_corners, portal_sewer_entry_d
D:4:      layout_loops_corners, minivault_25, minmay_close_crescents

Notes
Turn   | Place    | Note
-------+----------+-------------------------------------------
     0 | D:1      | demibob the Minotaur Chaos Knight began the quest for the
                  | Orb.
     0 | D:1      | Reached XP level 1. HP: 19/19 MP: 0/0
    31 | D:1      | Reached skill level 4 in Axes
    93 | D:1      | Reached XP level 2. HP: 24/26 MP: 1/1
   797 | D:1      | XOM: give mutations
   797 | D:1      | Gained mutation: You are clumsy. (Dex -2) [Xom's mischief]
   797 | D:1      | Gained mutation: You are weak. (Str -2) [Xom's mischief]
   815 | D:2      | Noticed Jessica
   820 | D:2      | Killed Jessica
   821 | D:2      | Reached skill level 5 in Axes
   821 | D:2      | Reached XP level 3. HP: 29/31 MP: 2/2
   896 | D:2      | Found a blossoming altar of Fedhas.
   911 | D:2      | Found a faded altar of an unknown god.
   992 | D:2      | Reached skill level 6 in Axes
   992 | D:2      | Reached XP level 4. HP: 22/39 MP: 3/3
  1034 | D:2      | XOM: silly message
  1061 | D:2      | Noticed Robin
  1098 | D:1      | XOM: silly message
  1663 | D:3      | XOM: 6-stop teleportation journey
  1797 | D:3      | Found a glowing drain.
  1810 | Sewer    | Entered a sewer
  1872 | Sewer    | Noticed a kobold brigand
  1895 | Sewer    | Killed a kobold brigand
  1895 | Sewer    | XOM: divine lightning
  1896 | Sewer    | Reached skill level 7 in Axes
  1896 | Sewer    | Reached XP level 5. HP: 27/45 MP: 4/4
  2025 | Sewer    | Found a white marble altar of Elyvilon.
  2130 | D:3      | XOM: give mutations
  2130 | D:3      | Gained mutation: Your body sometimes deteriorates upon
                  | taking damage. [Xom's mischief]
  2130 | D:3      | Gained mutation: Your body often deteriorates upon taking
                  | damage. [Xom's mischief]
  2130 | D:3      | Gained mutation: You are partially covered in large bone
                  | plates. (SH +4) [Xom's mischief]
  2521 | D:3      | XOM: stat loss: -1 Int (8/9)
  2567 | D:4      | HP: 3/45 [orc priest/divine providence (14)]
  2567 | D:4      | Slain by an adder

Vanquished Creatures
  Jessica (D:2)
  3 adders
  A river rat (Sewer)
  3 worms (D:3)
  A dart slug (D:3)
  4 orcs
  6 bats
  6 endoplasms
  A giant cockroach (D:2)
  A hobgoblin (D:1)
  10 jackals
  5 kobolds
  A quokka (D:2)
  4 ball pythons
  2 frilled lizards
  4 goblins
  9 rats
62 creatures vanquished.

Vanquished Creatures (others)
  A kobold brigand (Sewer)
1 creature vanquished.

Grand Total: 63 creatures vanquished

Table legend: (Time is in decaauts)
 A = Elapsed time spent in this place.
 B = Non-inter-level travel time spent in this place.
 C = Inter-level travel time spent in this place.
 D = Time resting spent in this place.
 E = Time spent auto-exploring this place.
 F = Levels seen in this place.
 G = Mean time per level.
                   A        B        C        D        E       F      G
               +--------+--------+--------+--------+--------+-----+--------+
         Total |   2595 |   2476 |    119 |    179 |   1899 |   5 |  519.0 |
       Dungeon |   2325 |   2206 |    119 |    179 |   1680 |   4 |  581.2 |
         Sewer |    269 |    269 |      0 |      0 |    218 |   1 |  269.0 |
               +--------+--------+--------+--------+--------+-----+--------+

Top non-repeatable levels by time:
     D:3: 959 daAuts
     D:1: 949 daAuts
     D:2: 402 daAuts
   Sewer: 269 daAuts
     D:4: 14 daAuts

Table legend:
 A = Non-vault XP
 B = Vault XP
 C = Vault XP percentage of total XP
 D = Non-vault monster count
 E = Vault monster count
 F = Vault count percentage of total count
                 A         B        C        D         E       F
            +---------+---------+-------+---------+---------+-------
      Total |     126 |     136 |  51.9 |      52 |      11 |  17.5
            +---------+---------+-------+---------+---------+-------
        D:1 |      31 |       0 |   0.0 |      20 |       0 |   0.0
        D:2 |      48 |      37 |  43.5 |      14 |       1 |   6.7
        D:3 |      38 |      14 |  26.9 |      15 |       1 |   6.2
        D:4 |       9 |       0 |   0.0 |       3 |       0 |   0.0
      Sewer |       0 |      85 | 100.0 |       0 |       9 | 100.0
            +---------+---------+-------+---------+---------+-------
